MLB
LAS VEGAS HUSTLE @ LOS ANGELES ANGELS
04/11/2099
 
TOP OF THE 1ST
Las Vegas Hustle batting - Pitching for Los Angeles Angels : LHP Jay Meltzer
Pitching: LHP Jay Meltzer
Batting: LHB Steve Lawler 0-0: Called Strike
0-1: Ball
1-1: Fly out, F7 (Flyball, 7D, EV 94.4 MPH)
Batting: LHB Jon Guzman 0-0: Ball
1-0: Called Strike
1-1: Called Strike
1-2: Ball
2-2: Strikes out swinging
Batting: RHB John Conway 0-0: Ball
1-0: Called Strike
1-1: Foul Ball, location: 9LDF
1-2: Foul Ball, location: 9LMF
1-2: Strikes out swinging
Top of the 1st over - 0 runs, 0 hits, 0 errors, 0 left on base; Las Vegas 0 - Los Angeles 0
BOTTOM OF THE 1ST
Los Angeles Angels batting - Pitching for Las Vegas Hustle : RHP Edwin Villagomez
Pitching: RHP Edwin Villagomez
Batting: RHB Matthew Allen 0-0: Ball
1-0: Foul Ball, location: 9LSF
1-1: Ball
2-1: Foul Ball, location: 9LMFF
2-2: Fly out, F8 (Flyball, 8RXD, EV 102.5 MPH)
Batting: RHB Edgar Pirir 0-0: Called Strike
0-1: Ball
1-1: Ball
2-1: Swinging Strike
2-2: Foul Ball, location: 9LDF
2-2: Foul Ball, location: 9LSFF
2-2: Strikes out looking
Batting: LHB Matt Evans 0-0: SOLO HOME RUN (Line Drive, 89XD, EV 100.0 MPH), Distance : 400 ft
Batting: RHB Jimmy Powell 0-0: Called Strike
0-1: Ball
1-1: Ball
2-1: Foul Ball, location: 5F
2-2: Ground out 3-1 (Groundball, 34, EV 90.0 MPH)
Bottom of the 1st over - 1 run, 1 hit, 0 errors, 0 left on base; Las Vegas 0 - Los Angeles 1
TOP OF THE 2ND
Las Vegas Hustle batting - Pitching for Los Angeles Angels : LHP Jay Meltzer
Batting: RHB Clint Hurley 0-0: Ball
1-0: Foul Ball, location: 2F
1-1: Foul Ball, location: 3SF
1-2: Ball
2-2: Strikes out looking
Batting: RHB Rick Roberds 0-0: Ball
1-0: Called Strike
1-1: Foul Ball, location: 5FF
1-2: Strikes out swinging
Batting: RHB Nick Allen 0-0: Ball
1-0: Called Strike
1-1: Fly out, F7 (Line Drive, 7, EV 88.8 MPH)
Top of the 2nd over - 0 runs, 0 hits, 0 errors, 0 left on base; Las Vegas 0 - Los Angeles 1
BOTTOM OF THE 2ND
Los Angeles Angels batting - Pitching for Las Vegas Hustle : RHP Edwin Villagomez
Batting: LHB Roger Adkins 0-0: Called Strike
0-1: Fly out, F9 (Line Drive, 9, EV 87.5 MPH)
Batting: RHB Fethi Yazîcîzâde 0-0: Ball
1-0: Ball
2-0: SINGLE (Line Drive, 4MD, EV 99.4 MPH)
Batting: SHB Justin Williams 0-0: Foul Ball, location: 2LF
0-1: Foul Ball, location: 7LSFF
0-2: Ball
1-2: Foul Ball, location: 5FF
1-2: Strikes out looking
Batting: RHB Xavier Montes 0-0: Called Strike
0-1: Foul Ball, location: 9LSFF
0-2: Ground out 4-3 (Groundball, 34, EV 86.9 MPH)
Bottom of the 2nd over - 0 runs, 1 hit, 0 errors, 1 left on base; Las Vegas 0 - Los Angeles 1
TOP OF THE 3RD
Las Vegas Hustle batting - Pitching for Los Angeles Angels : LHP Jay Meltzer
Batting: SHB Jose Espinoza 0-0: Fly out, F9 (Flyball, 9D, EV 103.1 MPH)
Batting: RHB Karl Robbins 0-0: Ball
1-0: Called Strike
1-1: Swinging Strike
1-2: Strikes out swinging
Batting: RHB Tyler Ebert 0-0: Ball
1-0: Foul Ball, location: 3F
1-1: Ground out 6-3 (Groundball, 6, EV 95.0 MPH)
Top of the 3rd over - 0 runs, 0 hits, 0 errors, 0 left on base; Las Vegas 0 - Los Angeles 1
BOTTOM OF THE 3RD
Los Angeles Angels batting - Pitching for Las Vegas Hustle : RHP Edwin Villagomez
Batting: RHB Nicolas Montecino 0-0: Ball
1-0: Called Strike
1-1: Swinging Strike
1-2: Foul Ball, location: 3FF
1-2: Ball
2-2: Fly out, F9 (Line Drive, 89M, EV 96.3 MPH)
Batting: RHB Matthew Allen 0-0: Ball
1-0: Ball
2-0: Foul Ball, location: 9LSF
2-1: Called Strike
2-2: Ball
3-2: Foul Ball, location: 9LMF
3-2: Ground out 5-3 (Groundball, 5S, EV 80.0 MPH)
Batting: RHB Edgar Pirir 0-0: Ball
1-0: Foul Ball, location: 7LMFF
1-1: Ball
2-1: Foul Ball, location: 2RF
2-2: Foul Ball, location: 23F
2-2: Strikes out looking
Bottom of the 3rd over - 0 runs, 0 hits, 0 errors, 0 left on base; Las Vegas 0 - Los Angeles 1
TOP OF THE 4TH
Las Vegas Hustle batting - Pitching for Los Angeles Angels : LHP Jay Meltzer
Batting: LHB Steve Lawler 0-0: Called Strike
0-1: Ground out 4-3 (Groundball, 4, EV 98.8 MPH)
Batting: LHB Jon Guzman 0-0: Ball
1-0: Called Strike
1-1: Foul Ball, location: 25FF
1-2: Ball
2-2: Ball
3-2: Fly out, F8 (Flyball, 8RM, EV 95.6 MPH)
Batting: RHB John Conway 0-0: Ball
1-0: Foul Ball, location: 9LDF
1-1: Fly out, F9 (Flyball, 9, EV 99.4 MPH)
Top of the 4th over - 0 runs, 0 hits, 0 errors, 0 left on base; Las Vegas 0 - Los Angeles 1
BOTTOM OF THE 4TH
Los Angeles Angels batting - Pitching for Las Vegas Hustle : RHP Edwin Villagomez
Batting: LHB Matt Evans 0-0: Ball
1-0: Called Strike
1-1: Fly out, F8 (Flyball, 8RM, EV 97.5 MPH)
Batting: RHB Jimmy Powell 0-0: Called Strike
0-1: Ball
1-1: Called Strike
1-2: Strikes out swinging
Batting: LHB Roger Adkins 0-0: Called Strike
0-1: Foul Ball, location: 2F
0-2: Fly out, F7 (Flyball, 7S, EV 83.8 MPH)
Bottom of the 4th over - 0 runs, 0 hits, 0 errors, 0 left on base; Las Vegas 0 - Los Angeles 1
TOP OF THE 5TH
Las Vegas Hustle batting - Pitching for Los Angeles Angels : LHP Jay Meltzer
Batting: RHB Clint Hurley 0-0: Fly out, F8 (Flyball, 8RS, EV 88.8 MPH)
Batting: RHB Rick Roberds 0-0: Swinging Strike
0-1: Ball
1-1: Swinging Strike
1-2: Ground out 6-3 (Groundball, 6S, EV 87.5 MPH)
Batting: RHB Nick Allen 0-0: Fly out, F9 (Line Drive, 9S, EV 94.4 MPH)
Top of the 5th over - 0 runs, 0 hits, 0 errors, 0 left on base; Las Vegas 0 - Los Angeles 1
BOTTOM OF THE 5TH
Los Angeles Angels batting - Pitching for Las Vegas Hustle : RHP Edwin Villagomez
Batting: RHB Fethi Yazîcîzâde 0-0: Ball
1-0: Ball
2-0: Ball
3-0: Called Strike
3-1: Base on Balls
Batting: SHB Justin Williams 0-0: Called Strike
0-1: Called Strike
0-2: Ground out 4-3 (Groundball, 34D, EV 109.4 MPH)
Fethi Yazîcîzâde to second
Batting: RHB Xavier Montes 0-0: Ball
1-0: Called Strike
1-1: Swinging Strike
1-2: Foul Ball, location: 25F
1-2: Ball
2-2: Strikes out looking
Batting: RHB Nicolas Montecino 0-0: Fly out, F7 (Flyball, 78M, EV 94.4 MPH)
Bottom of the 5th over - 0 runs, 0 hits, 0 errors, 1 left on base; Las Vegas 0 - Los Angeles 1
TOP OF THE 6TH
Las Vegas Hustle batting - Pitching for Los Angeles Angels : LHP Jay Meltzer
Batting: SHB Jose Espinoza 0-0: Foul Ball, location: 9LMF
0-1: Swinging Strike
0-2: Foul Ball, location: 9LMF
0-2: Ball
1-2: Ball
2-2: Strikes out looking
Batting: RHB Karl Robbins 0-0: Foul Ball, location: 2RF
0-1: Ball
1-1: Ball
2-1: Fly out, F9 (Flyball, 9S, EV 82.5 MPH)
Batting: RHB Tyler Ebert 0-0: SINGLE (Groundball, 4D, EV 98.1 MPH)
Batting: LHB Steve Lawler 0-0: Called Strike
0-1: Ball
1-1: Swinging Strike
1-2: Strikes out swinging
Top of the 6th over - 0 runs, 1 hit, 0 errors, 1 left on base; Las Vegas 0 - Los Angeles 1
BOTTOM OF THE 6TH
Los Angeles Angels batting - Pitching for Las Vegas Hustle : RHP Edwin Villagomez
Batting: RHB Matthew Allen 0-0: Called Strike
0-1: Ball
1-1: Foul Ball, location: 25F
1-2: Ground out 6-3 (Groundball, 6, EV 95.0 MPH)
Batting: RHB Edgar Pirir 0-0: Ball
1-0: Ball
2-0: Called Strike
2-1: Fly out, F9 (Line Drive, 89M, EV 86.3 MPH)
Batting: LHB Matt Evans 0-0: Called Strike
0-1: Ball
1-1: Ground out U3 (Groundball, 3, EV 108.8 MPH)
Bottom of the 6th over - 0 runs, 0 hits, 0 errors, 0 left on base; Las Vegas 0 - Los Angeles 1
TOP OF THE 7TH
Las Vegas Hustle batting - Pitching for Los Angeles Angels : LHP Jay Meltzer
Batting: LHB Jon Guzman 0-0: Ball
1-0: Foul Ball, location: 2F
1-1: Ball
2-1: Ball
3-1: Called Strike
3-2: SOLO HOME RUN (Flyball, 78XD, EV 101.3 MPH), Distance : 420 ft
Batting: RHB John Conway 0-0: Called Strike
0-1: Ball
1-1: Foul Ball, location: 5DF
1-2: Foul Ball, location: 2F
1-2: SINGLE (Line Drive, 56D, EV 95.6 MPH)
Batting: RHB Clint Hurley 0-0: Ball
1-0: Called Strike
1-1: Foul Ball, location: 3F
1-2: Foul Ball, location: 25F
1-2: Strikes out looking
Batting: RHB Rick Roberds 0-0: Foul Ball, location: 23F
0-1: Ball
1-1: Foul Ball, location: 9LSF
1-2: Strikes out swinging
Batting: RHB Nick Allen 0-0: Called Strike
0-1: Fielders Choice at 2nd, 6-4 (Groundball, 6, EV 110.6 MPH)
Top of the 7th over - 1 run, 2 hits, 0 errors, 1 left on base; Las Vegas 1 - Los Angeles 1
BOTTOM OF THE 7TH
Los Angeles Angels batting - Pitching for Las Vegas Hustle : RHP Edwin Villagomez
Batting: RHB Jimmy Powell 0-0: Called Strike
0-1: Ball
1-1: Foul Ball, location: 2F
1-2: Ball
2-2: Fly out, F9 (Flyball, 9D, EV 106.9 MPH)
Batting: LHB Roger Adkins 0-0: Foul Ball, location: 3DF
0-1: Swinging Strike
0-2: Foul Ball, location: 2F
0-2: Ball
1-2: Ball
2-2: Foul Ball, location: 2F
2-2: Strikes out looking
Batting: RHB Fethi Yazîcîzâde 0-0: Ball
1-0: SINGLE (Groundball, 6MD, EV 111.9 MPH)
Pitching: RHP Jose Jimenez
Batting: SHB Justin Williams 0-0: Ball
1-0: Called Strike
1-1: Ball
2-1: Swinging Strike
2-2: Fly out, F8 (Flyball, 78M, EV 90.0 MPH)
Bottom of the 7th over - 0 runs, 1 hit, 0 errors, 1 left on base; Las Vegas 1 - Los Angeles 1
TOP OF THE 8TH
Las Vegas Hustle batting - Pitching for Los Angeles Angels : LHP Jay Meltzer
Batting: SHB Jose Espinoza 0-0: Ball
1-0: Called Strike
1-1: Ball
2-1: Foul Ball, location: 5F
2-2: Fly out, F7 (Flyball, 7D, EV 75.6 MPH)
Batting: RHB Karl Robbins 0-0: Ball
1-0: Called Strike
1-1: Fly out, F8 (Flyball, 78M, EV 98.1 MPH)
Batting: RHB Tyler Ebert 0-0: Foul Ball, location: 5FF
0-1: Ball
1-1: Ball
2-1: Foul Ball, location: 9LSF
2-2: Ball
3-2: SINGLE (Groundball, 6MD, EV 97.5 MPH)
Pitching: RHP Randy Lamb
Batting: LHB Steve Lawler 0-0: Foul Ball, location: 2F
0-1: Fly out, F8 (Flyball, 8RD, EV 103.1 MPH)
Top of the 8th over - 0 runs, 1 hit, 0 errors, 1 left on base; Las Vegas 1 - Los Angeles 1
BOTTOM OF THE 8TH
Los Angeles Angels batting - Pitching for Las Vegas Hustle : RHP Jose Jimenez
Batting: RHB Xavier Montes 0-0: Ball
1-0: Swinging Strike
1-1: Foul Ball, location: 5F
1-2: Ball
2-2: Ball
3-2: Strikes out swinging
Batting: RHB Nicolas Montecino 0-0: Ball
1-0: Ball
2-0: Fly out, F5 (Popup, 25F, EV 74.4 MPH)
Pinch Hitting: LHB Matt Davis 0-0: Ball
1-0: Ball
2-0: Ball
3-0: Base on Balls
Batting: RHB Edgar Pirir 0-0: Ball
1-0: Ball
2-0: Called Strike
2-1: Foul Ball, location: 3FF
2-2: Fly out, F6 (Popup, 4MS, EV 82.5 MPH)
Bottom of the 8th over - 0 runs, 0 hits, 0 errors, 1 left on base; Las Vegas 1 - Los Angeles 1
TOP OF THE 9TH
Las Vegas Hustle batting - Pitching for Los Angeles Angels : RHP Randy Lamb
Pitching: RHP Manuel Barrientes
Now in CF: Jim Matthews
Batting: LHB Jon Guzman 0-0: Fly out, F5 (Popup, 56, EV 58.8 MPH)
Batting: RHB John Conway 0-0: Foul Ball, location: 23F
0-1: Ball
1-1: Swinging Strike
1-2: Strikes out swinging
Batting: RHB Clint Hurley 0-0: Called Strike
0-1: Swinging Strike
0-2: Ball
1-2: Foul Ball, location: 23FF
1-2: Ball
2-2: Strikes out swinging
Top of the 9th over - 0 runs, 0 hits, 0 errors, 0 left on base; Las Vegas 1 - Los Angeles 1
BOTTOM OF THE 9TH
Los Angeles Angels batting - Pitching for Las Vegas Hustle : RHP Jose Jimenez
Batting: LHB Matt Evans 0-0: Called Strike
0-1: Foul Ball, location: 7LSF
0-2: Ball
1-2: Strikes out swinging
Batting: RHB Jimmy Powell 0-0: Called Strike
0-1: Ball
1-1: Ground out 6-3 (Groundball, 6, EV 85.6 MPH)
Batting: LHB Roger Adkins 0-0: Called Strike
0-1: Swinging Strike
0-2: Ball
1-2: Strikes out swinging
Bottom of the 9th over - 0 runs, 0 hits, 0 errors, 0 left on base; Las Vegas 1 - Los Angeles 1
TOP OF THE 10TH
Las Vegas Hustle batting - Pitching for Los Angeles Angels : RHP Manuel Barrientes
Batting: RHB Rick Roberds 0-0: Foul Ball, location: 2F
0-1: Foul Ball, location: 2F
0-2: Fly out, F9 (Line Drive, 9, EV 102.5 MPH)
Pinch Hitting: LHB Victor Valdez 0-0: Swinging Strike
0-1: Fly out, F8 (Flyball, 8RD, EV 95.6 MPH)
Batting: SHB Jose Espinoza 0-0: Foul Ball, location: 7LDF
0-1: Ball
1-1: Swinging Strike
1-2: Foul Ball, location: 7LMF
1-2: Fly out, F9 (Flyball, 9D, EV 106.3 MPH)
Top of the 10th over - 0 runs, 0 hits, 0 errors, 0 left on base; Las Vegas 1 - Los Angeles 1
BOTTOM OF THE 10TH
Los Angeles Angels batting - Pitching for Las Vegas Hustle : RHP Jose Jimenez
Pitching: RHP Jon Fenton
Now in RF: Victor Valdez
Pinch Hitting: LHB Trevor Martz 0-0: Ball
1-0: Hit by Pitch
Batting: SHB Justin Williams 0-0: Called Strike
0-1: Ball
1-1: Called Strike
1-2: Ball
2-2: Fly out, F8 (Line Drive, 8LM, EV 91.3 MPH)
Batting: RHB Xavier Montes 0-0: Called Strike
0-1: Called Strike
0-2: Ball
1-2: Ball
2-2: Strikes out swinging
Batting: RHB Nicolas Montecino 0-0: Ball
1-0: Ball
2-0: Ball
3-0: Called Strike
3-1: Swinging Strike
3-2: Strikes out swinging
Bottom of the 10th over - 0 runs, 0 hits, 0 errors, 1 left on base; Las Vegas 1 - Los Angeles 1
TOP OF THE 11TH
Las Vegas Hustle batting - Pitching for Los Angeles Angels : RHP Manuel Barrientes
Now at C: Tim Williams
Pinch Hitting: LHB Jason Strong 0-0: Called Strike
0-1: Ball
1-1: Fly out, F8 (Flyball, 8LD, EV 90.6 MPH)
Pinch Hitting: SHB Alberto Aguilar 0-0: SINGLE (Groundball, 5D, EV 93.8 MPH)
Batting: LHB Steve Lawler 0-0: Called Strike
0-1: Called Strike
0-2: Strikes out swinging
Batting: LHB Jon Guzman 0-0: Fly out, F7 (Flyball, 7, EV 88.1 MPH)
Top of the 11th over - 0 runs, 1 hit, 0 errors, 1 left on base; Las Vegas 1 - Los Angeles 1
BOTTOM OF THE 11TH
Los Angeles Angels batting - Pitching for Las Vegas Hustle : RHP Jon Fenton
Pitching: LHP Brad Nelson
Now at C: Alberto Aguilar
Now at SS: Leonardo Sosa
Batting: LHB Jim Matthews 0-0: Ball
1-0: SINGLE (Groundball, 56, EV 88.8 MPH)
Batting: RHB Edgar Pirir 0-0: Fly out, F8 (Flyball, 8LD, EV 95.0 MPH)
Batting: LHB Matt Evans 0-0: Fly out, F8 (Flyball, 8RD, EV 92.5 MPH)
Batting: RHB Jimmy Powell 0-0: Ball
1-0: 2-RUN HOME RUN (Flyball, 7D, EV 98.1 MPH), Distance : 366 ft
Bottom of the 11th over - 2 runs, 2 hits, 0 errors, 0 left on base; Las Vegas 1 - Los Angeles 3
Thursday, May 2nd , 2024 - OOTP Baseball 24.11 Build 85